 Dungeon Crawl Stone Soup version 0.31.0-9-g3a7656b989 (webtiles) character file.

Game seed: 4549650157118953862

714 qw the Shooter (level 7, -1/35 HPs)
             Began as a Spriggan Hunter on Feb 2, 2024.
             Slain by a sky beast (2 damage)
             ... on level 5 of the Dungeon.
             The game lasted 00:00:14 (3556 turns).

qw the Shooter (Spriggan Hunter)                    Turns: 3556, Time: 00:00:15

Health: -1/35      AC:  2    Str: 13    XL:     7   Next: 41%
Magic:  8/8        EV: 22    Int: 11    God:
Gold:   54         SH:  0    Dex: 20    Spells: 6/6 levels left

rFire   . . .        b - +0 hand cannon (heavy)
rCold   . . .        (no shield)
rNeg    . . .        c - +0 robe
rPois   .            (helmet restricted)
rElec   .            (no cloak)
rCorr   .            (gloves unavailable)
SInv    +            (boots unavailable)
Will    +....        k - amulet of regeneration
Stlth   ++           e - +6 ring of strength
HPRegen 1.05/turn    (no ring)
MPRegen 0.11/turn

%: no passive effects
@: very quick
A: very small, no large weapons, unfitting armour, see invisible, speed 3
a: no special abilities


You were on level 5 of the Dungeon.
You visited 1 branch of the dungeon, and saw 5 of its levels.

You collected 182 gold pieces.
You spent 128 gold pieces at shops.


Innate Abilities, Weirdness & Mutations

You are very small and have problems with some larger weapons.
You are too small for most types of armour.
You have supernaturally acute eyesight. (SInv)
You cover ground extremely quickly. (Speed+++)


   Skills:
 - Level 2.8 Fighting
 + Level 7.1 Ranged Weapons
 - Level 7.0 Dodging
 - Level 1.5 Stealth


You had 6 spell levels left.
You didn't know any spells.
Your spell library was empty.

Inventory:

Hand Weapons
 b - a +0 heavy hand cannon (weapon)
Armour
 c - a +0 robe (worn)
Jewellery
 e - a +6 ring of strength (left hand)
 k - an amulet of regeneration (around neck)
Wands
 h - a wand of flame (31)
 i - a wand of iceblast (13)
Potions
 a - a potion of curing
 d - a potion of enlightenment
 g - 3 potions of mutation
 m - a potion of invisibility {unknown}

Dungeon Overview and Level Annotations

Branches:
Dungeon (5/15)
 Temple: D:4-7

Altars:
Qazlal

Shops:
D:3 *


Message History

The bolt hits the orc wizard!!
You kill the orc wizard!
A sky beast comes into view.
The orc wizard gestures at you while chanting.
The puff of flame misses you.
The sky beast flickers out of sight for a moment.
You shoot a bolt. The bolt hits the orc wizard!!
You kill the orc wizard!
The orc hits you with a +0 hand axe. The orc barely misses you.
Your Dodging skill increases to level 7!
You shoot a bolt. The bolt barely misses the sky beast.
The sky beast barely misses you. The orc barely misses you.
The orc completely misses you. The orc hits you with a +0 hand axe.
The sky beast hits you. The sky beast shocks you.
You shoot a bolt. The bolt hits the orc wizard!!
You kill the orc wizard!
You hear the slow rusting of a very distant drain.
The sky beast hits you. The sky beast shocks you.
The orc hits you with a +0 hand axe. The orc misses you.
The orc closely misses you. The sky beast misses you.
You shoot a bolt. The bolt closely misses the sky beast.
The sky beast closely misses you. The orc hits you with a +0 dagger.
The orc hits you with a +0 hand axe. The orc hits you with a +0 dagger.
The orc hits you but does no damage. The sky beast completely misses you.
The orc misses you. The sky beast hits you. The sky beast shocks you.
The orc barely misses you.
You shoot a bolt. The bolt hits the sky beast!!
The sky beast is almost dead.
The sky beast completely misses you. The orc misses you. x2
The orc closely misses you. The orc barely misses you.
The sky beast hits you but does no damage.
You shoot a bolt. The bolt closely misses the sky beast.
The sky beast hits you. The sky beast shocks you. The orc closely misses you.
The orc completely misses you. The orc misses you.
The orc completely misses you. The sky beast barely misses you.
You shoot a bolt. The bolt misses the sky beast.
The sky beast completely misses you. The orc barely misses you.
The orc hits you with a +0 dagger. The orc closely misses you.
The orc hits you with a +0 dagger. The sky beast hits you.
You die...

#...#...............#
##'###...............##
#.......########.<....#
#.......#..... #......#
#....<..#..... #......#
#.......#..... #......#
#.......# .). #......#
#.......#####o##......#
####+#.......o@...#+###
#.......0Y0..#
#..%.........#
............#
...........#
##########.. ... ....


You could see a sky beast and 2 orcs.

Vanquished Creatures
  A black bear (D:4)
  A phantom (D:4)
  A scorpion (D:4)
  3 hounds (D:4)
  An orc priest (D:4)
  Ijyb (D:4)
  8 orc wizards
  4 adders
  8 dart slugs
  A ribbon worm (D:3)
  21 orcs
  7 endoplasms
  3 giant cockroaches
  3 goblins (D:3)
  4 hobgoblins
  2 jackals (D:3)
  3 quokkas
  5 ball pythons
  2 bats
  2 frilled lizards
  6 kobolds
  7 rats
94 creatures vanquished.

Notes
Turn   | Place    | Note
-------+----------+-------------------------------------------
     0 | D:1      | qw the Spriggan Hunter began the quest for the Orb.
     0 | D:1      | Reached XP level 1. HP: 10/10 MP: 2/2
     0 | D:1      | 0 ||| qw: Version: 0.3-a-155-g5e7d8dd
     0 | D:1      | 0 ||| qw: Game counter: 2232
     0 | D:1      | 0 ||| qw: Melee chars always use a shield: true
     0 | D:1      | 0 ||| qw: God list: Okawaru
     0 | D:1      | 0 ||| qw: Allow faded altars: false
     0 | D:1      | 0 ||| qw: Do Orc after clearing Dungeon:15 true
     0 | D:1      | 0 ||| qw: Do second Lair branch before Depths: true
     0 | D:1      | 0 ||| qw: Lair rune preference: random
     0 | D:1      | 0 ||| qw: Goals: Normal
     0 | D:1      | 0 ||| PLANNING D:1-11
    54 | D:1      | Reached skill level 3 in Dodging
   422 | D:1      | 422 ||| READING 2 scrolls labelled ZITIUCV SESAFO.
   422 | D:1      | 422 ||| IDENTIFYING fuming red potion
   423 | D:1      | 423 ||| READING scroll of identify.
   423 | D:1      | 423 ||| IDENTIFYING glowing amethyst potion
   424 | D:1      | 424 ||| READING scroll labelled DOFECR LAOF.
   425 | D:1      | 425 ||| DRINKING 2 orange potions.
   426 | D:1      | 426 ||| DROPPING scroll of butterflies.
   427 | D:1      | 427 ||| DROPPING potion of magic.
   476 | D:2      | Reached XP level 2. HP: 14/14 MP: 3/3
   582 | D:2      | Identified the +4 long sword of Vocruhagh {venom, rPois rC+
                  | Str+5}
   818 | D:2      | Found a stormy altar of Qazlal.
  1277 | D:2      | 1277 ||| READING scroll labelled ESAMITRIDDI.
  1278 | D:2      | 1278 ||| READING 2 scrolls labelled YNIOMO DONOGH.
  1278 | D:2      | 1278 ||| ENCHANTING +0 shortbow.
  1279 | D:2      | 1279 ||| READING scroll of enchant weapon.
  1279 | D:2      | 1279 ||| ENCHANTING +1 shortbow.
  1281 | D:2      | 1281 ||| Stepping ~*~*~tactically~*~*~ (cloud).
  1282 | D:2      | 1282 ||| DRINKING potion of curing.
  1282 | D:2      | 1282 ||| (to cure poison)
  1437 | D:3      | Reached XP level 3. HP: 18/18 MP: 4/4
  1896 | D:3      | Reached XP level 4. HP: 22/22 MP: 5/5
  2097 | D:3      | Found Leuh's Assorted Antiques.
  2100 | D:3      | 2100 ||| BUYING scroll labelled BOPRODGH UHOOT (33 gold).
  2100 | D:3      | Bought a scroll labelled BOPRODGH UHOOT for 33 gold pieces
  2100 | D:3      | 2100 ||| BUYING scroll labelled EROECY RUTU (33 gold).
  2100 | D:3      | Bought a scroll labelled EROECY RUTU for 33 gold pieces
  2100 | D:3      | 2100 ||| BUYING scroll labelled OCHUDE VOYLUOCKE (33 gold).
  2100 | D:3      | Bought a scroll labelled OCHUDE VOYLUOCKE for 33 gold
                  | pieces
  2100 | D:3      | 2100 ||| BUYING yellow potion (29 gold).
  2100 | D:3      | Bought a yellow potion for 29 gold pieces
  2103 | D:3      | 2103 ||| UPGRADING to +6 ring of strength.
  2104 | D:3      | 2104 ||| READING 2 scrolls of identify.
  2104 | D:3      | 2104 ||| IDENTIFYING purple potion
  2105 | D:3      | 2105 ||| READING scroll of identify.
  2105 | D:3      | 2105 ||| IDENTIFYING 3 yellow potions
  2106 | D:3      | 2106 ||| READING scroll labelled BOPRODGH UHOOT.
  2107 | D:3      | 2107 ||| READING scroll labelled EROECY RUTU.
  2107 | D:3      | 2107 ||| ACQUIRING +0 heavy hand cannon
  2107 | D:3      | Acquired a +0 heavy hand cannon
  2109 | D:3      | 2109 ||| SWAPPING to +0 heavy hand cannon.
  2110 | D:3      | 2110 ||| DROPPING +2 shortbow.
  2111 | D:3      | 2111 ||| READING scroll labelled OCHUDE VOYLUOCKE.
  2145 | D:4      | 2145 ||| STAIRDANCE
  2158 | D:4      | 2158 ||| STAIRDANCE
  2203 | D:4      | 2203 ||| STAIRDANCE
  2224 | D:4      | 2224 ||| STAIRDANCE
  2229 | D:4      | 2229 ||| STAIRDANCE
  2265 | D:4      | 2265 ||| STAIRDANCE
  2281 | D:4      | 2281 ||| STAIRDANCE
  2297 | D:4      | 2297 ||| STAIRDANCE
  2303 | D:4      | 2303 ||| STAIRDANCE
  2332 | D:4      | 2332 ||| STAIRDANCE
  2399 | D:4      | Noticed a phantom
  2400 | D:4      | 2400 ||| DRINKING potion of haste.
  2401 | D:4      | Killed a phantom
  2402 | D:4      | Reached XP level 5. HP: 28/28 MP: 6/6
  2468 | D:4      | Noticed a black bear
  2475 | D:4      | Killed a black bear
  2476 | D:4      | Reached XP level 6. HP: 21/32 MP: 7/7
  2545 | D:4      | Reached skill level 6 in Ranged Weapons
  2567 | D:4      | Reached skill level 6 in Dodging
  2783 | D:4      | 2783 ||| RETREEEEATING.
  2797 | D:4      | Reached XP level 7. HP: 16/35 MP: 8/8
  3049 | D:4      | Noticed Ijyb
  3053 | D:4      | Killed Ijyb
  3481 | D:4      | 3481 ||| UPGRADING to amulet of regeneration.
  3486 | D:4      | 3486 ||| READING scroll of identify.
  3486 | D:4      | 3486 ||| IDENTIFYING fizzy white potion
  3487 | D:4      | 3487 ||| READING scroll labelled WUHEZA XAQIY.
  3488 | D:4      | 3488 ||| DROPPING potion of degeneration.
  3497 | D:5      | Entered Level 5 of the Dungeon
  3498 | D:5      | 3498 ||| PLANNING SEWER
  3553 | D:5      | HP: 4/35 [sky beast (6)]
  3555 | D:5      | HP: 1/35 [sky beast (5)]
  3556 | D:5      | Slain by a sky beast

Levels and vault maps discovered:
D:1:      scummos_arrival_gate, layout_rooms
D:2:      layout_loops_corners, basic_altar
D:3:      layout_basic, serial_shops, nicolae_shop_pleasant_corner_grove
D:4:      kennysheep_slugbush, layout_basic, uniq_ijyb
D:5:      layout_gridville, nicolae_wu_jian_immortal_techniques,
          portal_sewer_entry_f

Skill      XL: |  1  2  3  4  5  6  7 |
---------------+----------------------+-----
Dodging        | 3 4 5 6 7 |  7.0
Ranged Weapons | 5 6 7 |  7.1
Fighting       | 2 |  2.8
Stealth        | |  1.5

Action                     |  1- 3 |  4- 6 |  7- 9 || total
---------------------------+-------+-------+-------++-------
   Fire: Shortbow          |    85 |    10 |       ||    95
         Hand cannon       |       |    70 |    21 ||    91
    Use: Scroll            |     6 |     5 |     2 ||    13
         Potion            |     2 |     1 |       ||     3
 Armour: Robe              |     4 |    37 |    18 ||    59
  Dodge: Dodged            |     9 |    91 |    29 ||   129

Table legend:
 A = Non-vault XP
 B = Vault XP
 C = Vault XP percentage of total XP
 D = Non-vault monster count
 E = Vault monster count
 F = Vault count percentage of total count
                 A         B        C        D         E       F
            +---------+---------+-------+---------+---------+-------
      Total |     957 |      64 |   6.3 |      86 |       8 |   8.5
            +---------+---------+-------+---------+---------+-------
        D:1 |       9 |       0 |   0.0 |       6 |       0 |   0.0
        D:2 |      26 |       0 |   0.0 |      10 |       0 |   0.0
        D:3 |      98 |       0 |   0.0 |      30 |       0 |   0.0
        D:4 |     704 |      64 |   8.3 |      34 |       8 |  19.0
        D:5 |     120 |       0 |   0.0 |       6 |       0 |   0.0
            +---------+---------+-------+---------+---------+-------
